 Dungeon Crawl Stone Soup version 0.26-a0-812-g31a745ddcd (webtiles) character file.

Game seed: 15468678027245097552

1736684 PaperRat the Barachian Barricade (level 27, 238/238 HPs)
             Began as a Barachi Berserker on Dec 8, 2020.
             Was a High Priest of Trog.
             Escaped with the Orb
             ... and 3 runes on Dec 10, 2020!
             The game lasted 05:28:46 (70474 turns).

PaperRat the Barachian Barricade (BaBe)            Turns: 70474, Time: 05:28:47

Health: 238/238    AC: 48    Str: 27    XL:     27
Magic:  18/18      EV: 23    Int: 12    God:    Trog [*****.]
Gold:   2182       SH: 34    Dex: 30    Spells: 26/26 levels left

rFire    + . .     SeeInvis +   a - +6 double sword (vorpal)
rCold    + . .     Faith    .   u - +0 tower shield {rC+}
rNeg     + . .     Spirit   .   j - +9 gold dragon scales
rPois    +         Reflect  +   t - +2 helmet "Cahoisec" {Rampage rPois Regen+}
rElec    .         Harm     .   O - +2 cloak of Sloth {rC- MR+ Int+3 Slay+6}
rCorr    .         Rampage  +   W - +2 pair of gloves {Dex+3}
MR       +++..                  R - +2 pair of boots {run}
Stlth    ..........             D - amulet "Unois" {Reflect rPois Str-5 Dex+5 SH+5 SInv}
HPRegen  0.89/turn              A - ring of Omotuel {Str+6 Dex+4 Stlth+, =R}
MPRegen  0.16/turn              B - ring of positive energy

@: no status effects
A: +LOS, swims, repulsion field 1, thin skeletal structure 1, low mp 2,
screaming 1, slowness 1, strong legs 2
0: Orb of Zot
}: 3/15 runes: decaying, serpentine, silver
a: Hop, Berserk, Trog's Hand, Brothers in Arms, Renounce Religion


You escaped.
You worshipped Trog.
Trog was extremely pleased with you.
You visited 10 branches of the dungeon, and saw 50 of its levels.
You also visited: Ice Cave and Wizlab.

You collected 6611 gold pieces.
You spent 4429 gold pieces at shops.

Inventory:

Hand Weapons
 a - a +6 vorpal double sword (weapon)
 k - a +1 antimagic demon blade
Missiles
 d - 27 boomerangs
 g - 35 javelins (quivered)
 m - 6 curare-tipped darts
 y - 9 throwing nets {!f}
 Y - 22 silver javelins
Armour
 j - +9 gold dragon scales (worn)
 t - the +2 helmet "Cahoisec" (worn) {Rampage rPois Regen+}
   (You found it on level 3 of the Elven Halls)

   It protects you from poison.
   It increases your rate of regeneration.
   It bestows one free step when moving towards enemies.
 u - a +0 tower shield of cold resistance (worn)
 O - the +2 cloak of Sloth (worn) {rC- MR+ Int+3 Slay+6}
   (You bought it in a shop on level 2 of the Orcish Mines)

   It affects your intelligence (+3).
   It affects your accuracy and damage with ranged weapons and melee attacks
   (+6).
   It makes you vulnerable to cold.
   It affects your resistance to hostile enchantments.
 R - a +2 pair of boots of running (worn)
 W - a +2 pair of gloves of dexterity (worn)
Jewellery
 f - the ring of the Mage {Wiz MR++ Int+3}
   (You found it on level 2 of the Snake Pit)

   [ring of wizardry]

   It improves your spell success rate.
   It affects your intelligence (+3).
   It affects your resistance to hostile enchantments.
 o - the ring "Okhluide" {*Drain rC+ MR+ Int+2 Slay+3}
   (You found it on level 1 of the Depths)

   [ring of protection from cold]

   It affects your intelligence (+2).
   It affects your accuracy and damage with ranged weapons and melee attacks
   (+3).
   It protects you from cold.
   It affects your resistance to hostile enchantments.
   It causes draining when unequipped.
 A - the ring of Omotuel (left hand) {Str+6 Dex+4 Stlth+, =R}
   (You found it on level 4 of the Lair of Beasts)

   [ring of strength]

   It affects your strength (+6).
   It affects your dexterity (+4).
   It makes you more stealthy.
 B - a ring of positive energy (right hand)
 C - an uncursed ring of resist corrosion
 D - the amulet "Unois" (around neck) {Reflect rPois Str-5 Dex+5 SH+5 SInv}
   (You took it off a vault warden on level 5 of the Vaults)

   [amulet of reflection]

   It shields you and reflects attacks.
   It affects your strength (-5).
   It affects your dexterity (+5).
   It protects you from poison.
   It lets you see invisible.
   It affects your SH (+5).
 K - an uncursed ring of protection from fire
Wands
 b - a wand of iceblast (27)
 c - a wand of acid (23)
 h - a wand of paralysis (49)
 n - a wand of enslavement (19)
 z - a wand of disintegration (37)
 N - a wand of digging (30)
Scrolls
 e - 12 scrolls of blinking {@r5}
 r - 24 scrolls of identify
 I - 3 scrolls of summoning
 J - a scroll of silence
 L - 27 scrolls of teleportation {@r3}
 M - 3 scrolls of immolation
 P - 7 scrolls of fog
 Q - 6 scrolls of fear {@r4}
 S - 6 scrolls of vulnerability
Potions
 l - a potion of ambrosia
 q - 10 potions of mutation {@q5}
 w - a potion of invisibility
 F - 5 potions of haste {@q4}
 G - 7 potions of might {@q3}
 T - 3 potions of resistance
 U - 5 potions of cancellation
 V - 5 potions of heal wounds {@q2}
 X - 22 potions of curing {@q1}
Miscellaneous
 i - a box of beasts
 p - a lightning rod (4/4)
 s - a tin of tremorstones (2/2)
 v - a condenser vane
 x - a phial of floods
 H - a phantom mirror


   Skills:
 - Level 24.0 Fighting
 + Level 21.6 Long Blades
 + Level 17.7 Throwing
 + Level 21.7 Armour
 + Level 18.3 Dodging
 - Level 2.0 Stealth
 O Level 27 Shields
 + Level 19.7 Evocations


You had 26 spell levels left.
You didn't know any spells.
Your spell library was empty.

Dungeon Overview and Level Annotations

Branches:
Dungeon (15/15)            Temple (1/1) D:6            Lair (6/6) D:11
  Swamp (4/4) Lair:2        Snake (4/4) Lair:4        Slime (0/5) Lair:5
    Orc (2/2) D:12            Elf (3/3) Orc:2        Vaults (5/5) D:13
  Crypt (0/3) Vaults:3     Depths (5/5) D:15            Zot (5/5) Depths:5
  IceCv (visited)          WizLab (visited)

Altars:
Ashenzari
Fedhas
Gozag
Kikubaaqudgha
Makhleb
Okawaru
Qazlal
Ru
Sif Muna
Trog
Xom
Beogh

Shops:
D:8 !   Orc:2 =*[(   Snake:2 *   Vaults:2 :   Vaults:3 !   Vaults:4 (
Depths:1 [*

Portals:
Hell: Depths:1 Depths:2 Depths:3 Depths:4 Depths:5
Abyss: Depths:4
Pandemonium: Depths:3 Depths:4
Ziggurat: Depths:5

Annotations:
D:3 Boris
Depths:5 3 runed translucent doors
Zot:4 exclusion: 2 downstairs
Zot:5 exclusion: 2 upstairs


Innate Abilities, Weirdness & Mutations

You can be seen from farther away. (+LOS)
You can swim through water.
You cover ground slowly.
You can hop long distances.
You are surrounded by a mild repulsion field. (EV +2)
You have a somewhat thin skeletal structure. (Dex +2, Stealth)
Your magical capacity is very low. (-20% MP)
You occasionally shout uncontrollably at your foes.


Message History

As you read the scroll of holy word, it crumbles to dust.
You speak a Word of immense power!
The Ice Fiend convulses!
Evoke which item? (* to show all) (? for menu, Esc to quit)
Aiming: Corrosive Bolt
Press: ? - help, Shift-Dir - straight line, f - Ice Fiend
Aim: an Ice Fiend (heavily wounded, dazed)
The bolt of acid hits the Ice Fiend!!!
The Ice Fiend is splashed with acid!
The acid corrodes the Ice Fiend!
The Ice Fiend is almost dead.
The Ice Fiend gestures at you. The bolt of cold misses you.
You hit the Ice Fiend.
The Ice Fiend is almost dead.
You chop the Ice Fiend into pieces!!!
You kill the Ice Fiend!
Trog accepts your kill.
There is an open door here.
There is an open door here.
There is a staircase leading out of the dungeon here.
You have escaped!

###############
####.+.........'.#
...#.#.........#.#
.....#.........#.######
.....#.........#......#
.....#.........######.#
.....#.........#.'..#)##
.....#.........#'#..#..#
.....#.........#@#'###.# #######
###.##########'###...#.####...#..
#.##.## #......'...#..)........
###.##..###......#...####........
.##.#.....#...8..########........
.##.......#......#...............
.###......'......#########.......
...#......######## ##...#..
##.#.###### ###########..####


There were no monsters in sight!

Vanquished Creatures
  5 ancient liches (Zot:5)
  6 orbs of fire
  Mara (Elf:2)
  The ghost of Borgoz the Executioner, a veteran HOFi of Okawaru (Lair:5)
  4 Killer Klowns (Zot:5)
  Boris (twice) (Vaults:4 Depths:3)
  Bai Suzhen (Vaults:3)
  Saint Roka (Vaults:1)
  11 golden dragons
  A curse toe (Zot:1)
  4 caustic shrikes (Depths:5)
  5 electric golems
  Jorgrun (D:12)
  16 tentacled monstrosities
  An Ice Fiend (D:1)
  24 Orb Guardians (Zot:5)
  3 liches
  Asterion (Snake:4)
  A deep elf master archer (Elf:3)
  A deep elf blademaster (Elf:3)
  4 titans
  5 death cobs
  4 quicksilver dragons
  An eldritch tentacle (WizLab)
  Agnes (Snake:4)
  An Executioner (D:15)
  A tentacled starspawn (WizLab)
  2 sphinxes (Vaults:4)
  4 thorn hunters
  13 storm dragons
  10 shadow dragons
  4 tengu reavers
  The ghost of Mebopp the Peltast, an adept HaCK of Xom (Elf:1)
  7 draconian monks
  A fenstrider witch (Swamp:4)
  9 nagarajas
  7 fire giants
  3 ghost moths
  15 vault wardens
  6 deep elf sorcerers
  11 frost giants
  An orc warlord (D:13)
  2 balrugs
  8 draconian shifters
  A curse skull (Zot:2)
  9 draconian scorchers
  6 deep elf elementalists
  2 iron dragons
  5 draconian annihilators
  A ghoul (Vaults:3)
  8 draconian knights
  10 draconian stormcallers
  12 ironheart preservers
  3 war gargoyles (Vaults:4)
  23 very ugly things
  15 stone giants
  16 green draconians
  22 black draconians
  5 vampire knights
  3 bunyips
  2 entropy weavers
  9 spark wasps
  12 red draconians
  8 deep elf annihilators
  19 purple draconians
  10 deep elf demonologists
  The ghost of Pupel the Blocker, a journeyman MiFi of Gozag (D:13)
  10 yellow draconians
  16 white draconians
  12 ettins
  7 deep elf death magi
  2 blizzard demons
  3 merfolk javelineers (Depths:2)
  3 eleionomae
  15 yaktaur captains
  A shambling mangrove (Swamp:4)
  2 jiangshi (Depths:1)
  9 deep elf high priests
  12 fire dragons
  17 ogre magi
  27 vault guards
  Fannar (D:10)
  15 ice dragons
  Harold (D:10)
  2 hell beasts
  6 boulder beetles
  22 hydras
  4 rakshasas
  12 great orbs of eyes
  2 spriggan air magi
  A hydra (shapeshifter) (Vaults:4)
  22 naga warriors
  2 ghost crabs
  A two-headed ogre (shapeshifter) (Vaults:4)
  14 anacondas
  3 death knights
  A catoblepas (Lair:4)
  Erica (D:8)
  13 alligators
  13 centaur warriors
  11 deep troll shamans
  A vampire mage (Depths:1)
  9 tengu warriors
  55 two-headed ogres
  19 dancing weapons
  15 deep troll earth magi
  3 shock serpents
  2 death yaks
  3 soul eaters
  13 naga sharpshooters
  2 shock serpents (shapeshifter)
  3 orc high priests (Orc:2)
  A goliath frog (Swamp:1)
  Nergalle (D:10)
  Urug (D:11)
  2 spriggan berserkers
  3 sun demons
  22 deep elf knights
  6 large abominations
  7 salamander mystics
  3 small abominations (Vaults:5)
  2 iron trolls
  5 shadow wraiths
  9 skeletal warriors
  11 sea snakes (Snake:4)
  3 spriggan druids
  7 bog bodies
  3 glowing orange brains
  6 flayed ghosts
  A deep troll (shapeshifter) (Depths:4)
  14 deep elf archers
  5 lindwurms
  3 unseen horrors
  2 orange crystal statues
  44 deep trolls
  5 naga ritualists
  4 harpies (Vaults:1)
  A lindwurm (shapeshifter) (Vaults:5)
  3 necromancers
  An obsidian statue (WizLab)
  6 phantasmal warriors
  9 swamp dragons
  10 ironbrand convokers
  2 wizards (Vaults:3)
  3 orb spiders (shapeshifter)
  A stone giant zombie (Vaults:4)
  11 mana vipers
  A harpy (shapeshifter) (Vaults:4)
  A mana viper (shapeshifter) (Depths:5)
  25 salamanders
  3 oklob plants (Zot:1)
  19 orc knights
  3 wolf spiders
  3 manticores
  69 deep elf magi
  47 ugly things
  16 cyclopes
  6 orc sorcerers
  6 will-o-the-wisps
  2 salamanders (shapeshifter) (Vaults:4)
  A worldbinder (WizLab)
  17 elephants
  A black mamba (shapeshifter) (Vaults:4)
  28 moths of wrath
  12 vault sentinels
  A rust devil (Depths:2)
  10 guardian serpents
  3 torpor snails
  4 ice statues (IceCv)
  4 centaur zombies
  44 black mambas
  6 orange demons
  5 eyes of devastation (Depths:1)
  18 naga magi
  A cane toad (shapeshifter) (Vaults:1)
  A gargoyle (D:11)
  31 cane toads
  A storm dragon simulacrum (Vaults:2)
  A hellion (WizLab)
  A rime drake (Lair:3)
  8 freezing wraiths
  48 yaktaurs
  2 human zombies (Vaults:4)
  12 komodo dragons
  4 tengu conjurers
  3 efreet
  2 komodo dragons (shapeshifter)
  10 ice devils
  An ancient zyme (WizLab)
  A redback zombie (D:15)
  10 trolls
  2 bloated husks
  3 polar bears
  2 jumping spiders
  15 hornets
  A meliai (Snake:2)
  A meliai (shapeshifter) (Vaults:4)
  11 tyrant leeches
  5 dream sheep (Lair:6)
  39 blink frogs
  A redback (shapeshifter) (Elf:2)
  27 slime creatures
  4 air elementals
  A ynoxinul (WizLab)
  9 redbacks
  56 yaks
  9 spriggans
  A shadow (D:15)
  4 wyverns
  4 vampires
  A deep troll skeleton (WizLab)
  16 water elementals
  6 basilisks
  Eustachio (D:6)
  A basilisk (shapeshifter) (Depths:2)
  A fire bat (D:6)
  8 wraiths
  A neqoxec (Depths:3)
  3 fire elementals
  2 chaos spawn (WizLab)
  3 golden eyes (Depths:1)
  A spatial vortex (WizLab)
  11 wargs
  A redback simulacrum (D:13)
  69 nagas
  Menkaure (D:6)
  A tengu zombie (D:12)
  17 vampire mosquitoes
  11 swamp worms
  4 insubstantial wisps (WizLab)
  14 water moccasins
  2 hell hounds
  A soldier ant (shapeshifter) (Vaults:4)
  An acid dragon (D:11)
  A floating eye (Depths:1)
  A human skeleton (Vaults:4)
  3 sky beasts
  A floating eye (shapeshifter) (Vaults:5)
  Duvessa (D:6)
  3 eyes of draining
  48 orc warriors
  5 ice beasts
  5 swamp drakes (Swamp:4)
  A black bear (D:13)
  11 boggarts
  23 centaurs
  A phantom (D:8)
  16 wolves
  32 ogres
  A boggart (shapeshifter) (Vaults:5)
  4 earth elementals
  25 bullfrogs
  A deep troll simulacrum (Vaults:3)
  7 scorpions
  14 killer bees
  4 electric eels
  10 wights
  9 howler monkeys
  3 crimson imps (Depths:4)
  A draconian simulacrum (IceCv)
  3 bullfrog zombies
  8 hounds
  13 jellies
  32 orc priests
  2 bullfrog skeletons (D:4)
  8 centaur skeletons
  Jessica (D:3)
  6 iguanas
  30 orc wizards
  A spriggan simulacrum (IceCv)
  7 hell rats (Lair:6)
  A lightning spire (Zot:1)
  8 worker ants
  2 troll simulacra (IceCv)
  2 centaur simulacra (IceCv)
  A hound zombie (D:7)
  4 hound skeletons (D:4)
  A worker ant zombie (D:11)
  13 adders
  3 naga simulacra (IceCv)
  An ogre simulacrum (IceCv)
  2 shadow imps
  10 white imps
  2 ufetubi
  4 oozes
  4 dart slugs
  4 leopard geckos
  131 orcs
  3 ball pythons
  14 bats
  8 giant cockroaches
  6 goblins
  12 hobgoblins
  2 jackals (D:7)
  4 quokkas
  9 frilled lizards
  14 kobolds
  A quokka skeleton (D:4)
  7 rats
  2 crawling corpses (Vaults:5)
2519 creatures vanquished.

Vanquished Creatures (collateral kills)
  Vashnia (Snake:2)
  A tentacled monstrosity (Zot:3)
  An Orb Guardian (Zot:5)
  A quicksilver dragon (Zot:3)
  A deep elf blademaster (Elf:2)
  A storm dragon (Zot:3)
  A shadow dragon (Vaults:5)
  An orc warlord (Orc:2)
  Louise (D:14)
  A draconian annihilator (Depths:5)
  A white draconian (Depths:5)
  A purple draconian (Zot:5)
  A hydra (D:13)
  5 dancing weapons (Elf:2)
  A naga sharpshooter (Snake:2)
  A deep elf knight (Elf:2)
  2 deep elf magi (Elf:2)
  A mana viper (Snake:1)
  A salamander (Snake:4)
  3 elephants (Lair:6)
  5 cane toads (Lair:6)
  A tyrant leech (Lair:6)
  A blink frog (Lair:1)
  A water moccasin (Lair:6)
  3 orc warriors (Orc:2)
  A bullfrog (Lair:6)
  A killer bee (D:11)
  3 wights
  2 orc priests (Orc:2)
  An orc wizard (Orc:2)
  4 white imps (Lair:6)
  4 orcs
  A crawling corpse (Vaults:5)
55 creatures vanquished.

Vanquished Creatures (others)
  2 death cobs (Zot:5)
  A draconian monk (Depths:5)
  A deep elf elementalist (Vaults:5)
  A vault guard (Vaults:5)
  A dancing weapon (Elf:3)
  2 shadow wraiths (Depths:2)
  A lindwurm (Swamp:4)
  Psyche (D:8)
  3 bloated husks
  5 dream sheep (D:15)
  An air elemental (Elf:3)
  A bullfrog (D:11)
  An adder (D:6)
  A briar patch (Swamp:3)
  2 bushes (Lair:6)
  6 foxfires
  32 fungi
  172 plants
234 creatures vanquished.

Grand Total: 2808 creatures vanquished

Notes
Turn   | Place    | Note
-------+----------+-------------------------------------------
     0 | D:1      | PaperRat the Barachi Berserker began the quest for the Orb.
     0 | D:1      | Reached XP level 1. HP: 18/18 MP: 1/1
   229 | D:1      | Reached skill level 1 in Stealth
   229 | D:1      | Reached XP level 2. HP: 22/25 MP: 2/2
   593 | D:1      | Reached XP level 3. HP: 30/30 MP: 3/3
  1156 | D:2      | Reached XP level 4. HP: 37/37 MP: 4/4
  1257 | D:2      | Reached ** piety under Trog
  1283 | D:2      | Found a bloodstained altar of Trog.
  2023 | D:2      | Reached XP level 5. HP: 43/43 MP: 5/5
  2106 | D:2      | Reached skill level 5 in Long Blades
  2834 | D:3      | Noticed Jessica
  2847 | D:3      | Killed Jessica
  3168 | D:3      | Found an opulent altar of Gozag.
  3459 | D:4      | Reached skill level 5 in Fighting
  3519 | D:4      | Reached XP level 6. HP: 51/51 MP: 6/6
  4306 | D:4      | Found an iron altar of Okawaru.
  4499 | D:4      | Reached XP level 7. HP: 56/56 MP: 7/7
  4524 | D:5      | Entered Level 5 of the Dungeon
  4975 | D:5      | Reached *** piety under Trog
  5352 | D:6      | Noticed Maggie
  5357 | D:6      | Noticed Maggie
  5357 | D:6      | Maggie changed into Maggie the fire bat
  5364 | D:6      | Killed Maggie the fire bat
  5364 | D:6      | Reached skill level 5 in Armour
  5364 | D:6      | Reached skill level 1 in Evocations
  5459 | D:6      | Noticed Prince Ribbit
  5462 | D:6      | Noticed Prince Ribbit
  5462 | D:6      | Prince Ribbit changed into Prince Ribbit the bullfrog
  5470 | D:6      | Killed Prince Ribbit the bullfrog
  5487 | D:6      | Reached XP level 8. HP: 29/65 MP: 8/8
  5716 | D:6      | Found a broken altar of Ashenzari.
  5820 | D:6      | Noticed Duvessa
  5820 | D:6      | Noticed Dowan
  5835 | D:6      | Killed Duvessa
  5892 | D:6      | Noticed Dowan
  5892 | D:6      | Dowan changed into Dowan the dart slug
  5895 | D:6      | Killed Dowan the dart slug
  6652 | D:6      | Found a staircase to the Ecumenical Temple.
  6661 | Temple   | Entered the Ecumenical Temple
  6702 | D:6      | Noticed Menkaure
  6721 | D:6      | Killed Menkaure
  6748 | D:6      | Noticed Eustachio
  6781 | D:6      | Killed Eustachio
  6781 | D:6      | Reached XP level 9. HP: 66/74 MP: 9/9
  7473 | D:7      | Noticed a hornet
  7479 | D:7      | Paralysed by a hornet for 3 turns
  7485 | D:7      | Killed a hornet
  7485 | D:7      | Reached skill level 5 in Evocations
  7690 | D:7      | Found a burning altar of Makhleb.
  7914 | D:8      | Reached skill level 1 in Throwing
  8100 | D:8      | Noticed Psyche
  8122 | D:8      | Your ally died
  8260 | D:8      | Found Uryprano's Distillery.
  8330 | D:8      | Bought a potion of resistance for 150 gold pieces
  8330 | D:8      | Bought a potion of cancellation for 120 gold pieces
  8330 | D:8      | Bought a potion of heal wounds for 75 gold pieces
  8409 | D:8      | Noticed Erica
  8417 | D:8      | Killed Erica
  8417 | D:8      | Reached XP level 10. HP: 83/83 MP: 10/10
  8827 | D:8      | Found a shimmering blue altar of Sif Muna.
  9132 | D:8      | Bought a potion of haste for 150 gold pieces
  9209 | D:9      | Reached **** piety under Trog
  9209 | D:9      | Reached skill level 10 in Long Blades
  9385 | D:9      | Found a sacrificial altar of Ru.
  9385 | D:9      | Found a shimmering altar of Xom.
  9459 | D:9      | Found an ancient bone altar of Kikubaaqudgha.
  9460 | D:9      | Found a blossoming altar of Fedhas.
  9505 | D:9      | Found the +2 ratskin cloak {*Rats rPois rN+ Str-1 Int-1
                  | Dex+1}
  9845 | D:10     | Entered Level 10 of the Dungeon
  9845 | D:10     | Noticed a two-headed ogre
  9855 | D:10     | Killed a two-headed ogre
  9948 | D:10     | Noticed Harold
 10038 | D:10     | Killed Harold
 10038 | D:10     | Reached skill level 10 in Fighting
 10193 | D:10     | Noticed Fannar
 10222 | D:10     | Killed Fannar
 10222 | D:10     | Reached XP level 11. HP: 91/91 MP: 11/11
 10358 | D:10     | Identified a scroll of acquirement
 10359 | D:10     | Acquired a manual of Armour
 10545 | D:10     | Noticed Nergalle
 10556 | D:10     | Killed Nergalle
 10808 | D:8      | Bought a potion of mutation for 120 gold pieces
 10865 | D:11     | Found a stormy altar of Qazlal.
 11066 | D:11     | Noticed Erolcha
 11070 | D:11     | Noticed Erolcha
 11070 | D:11     | Erolcha changed into Erolcha the blink frog
 11073 | D:11     | Killed Erolcha the blink frog
 11088 | D:11     | Noticed Urug
 11116 | D:11     | Killed Urug
 11116 | D:11     | Reached skill level 10 in Armour
 11321 | D:11     | Noticed a death knight
 11343 | D:11     | Killed a death knight
 11561 | D:11     | Found a staircase to the Lair.
 11569 | D:11     | Noticed a cyclops
 11947 | D:11     | Noticed a red ugly thing
 12136 | D:11     | Reached XP level 12. HP: 98/100 MP: 12/12
 12157 | D:11     | Reached ***** piety under Trog
 12459 | D:11     | Noticed a two-headed ogre
 12469 | D:11     | Killed a two-headed ogre
 12639 | Lair:1   | Entered Level 1 of the Lair of Beasts
 13362 | Lair:1   | Reached skill level 5 in Dodging
 14196 | Lair:2   | Found a staircase to the Swamp.
 14455 | Lair:2   | Received a gift from Trog
 14510 | Lair:2   | Reached skill level 1 in Shields
 14954 | Lair:3   | Reached skill level 2 in Shields
 15162 | Lair:3   | Noticed a seven-headed hydra
 15165 | Lair:3   | Gained mutation: You can hop long distances. [Barachi
                  | growth]
 15165 | Lair:3   | Reached XP level 13. HP: 109/109 MP: 13/13
 15174 | Lair:3   | Reached skill level 3 in Shields
 15308 | Lair:3   | Reached skill level 4 in Shields
 15679 | Lair:3   | Reached skill level 15 in Armour
 16128 | Lair:4   | Found a staircase to the Snake Pit.
 16267 | Lair:4   | Got a crude copper ring
 16269 | Lair:4   | Identified the ring of Omotuel {Str+6 Dex+4 Stlth+} (You
                  | found it on level 4 of the Lair of Beasts)
 16280 | Lair:4   | Found a transporter.
 16282 | Lair:4   | Found a transporter.
 16489 | Lair:4   | Reached skill level 5 in Throwing
 17248 | Lair:5   | Reached XP level 14. HP: 120/120 MP: 14/14
 17292 | Lair:5   | Received a gift from Trog
 17358 | Lair:5   | Found a runed translucent gate.
 17358 | Lair:5   | Found a runed translucent gate.
 17358 | Lair:5   | Noticed Borgoz's ghost (veteran HOFi)
 17363 | Lair:5   | Found a runed translucent gate.
 17541 | Lair:5   | Found a staircase to the Slime Pits.
 18358 | Lair:6   | Entered Level 6 of the Lair of Beasts
 18490 | Lair:6   | Reached skill level 15 in Long Blades
 18496 | Lair:6   | Reached skill level 5 in Shields
 18523 | Lair:6   | Received a gift from Trog
 18547 | Lair:6   | Found a frozen archway.
 18611 | IceCv    | Entered an ice cave
 19189 | IceCv    | Found the +5 robe of Misfortune {*Contam Harm *Corrode
                  | *Drain *Slow EV+5}
 19198 | IceCv    | Got a dazzling mace
 19673 | Lair:5   | Reached skill level 6 in Shields
 19673 | Lair:5   | Reached XP level 15. HP: 127/127 MP: 15/15
 19675 | Lair:5   | Received a gift from Trog
 20920 | Lair:5   | Reached skill level 15 in Fighting
 20961 | Lair:5   | Killed Borgoz's ghost
 20961 | Lair:5   | Reached skill level 10 in Dodging
 20961 | Lair:5   | Reached skill level 10 in Evocations
 21166 | D:12     | Found a transporter.
 21355 | D:12     | Noticed Jorgrun
 21372 | D:12     | Killed Jorgrun
 21495 | D:12     | Found a transporter.
 22026 | D:12     | Found a staircase to the Orcish Mines.
 22271 | D:12     | Identified a +0 pair of boots of running (You found it on
                  | level 12 of the Dungeon)
 22360 | Orc:1    | Entered Level 1 of the Orcish Mines
 22441 | Orc:1    | Found a roughly hewn altar of Beogh.
 22631 | Orc:2    | Entered Level 2 of the Orcish Mines
 23227 | Orc:2    | Found a staircase to the Elven Halls.
 23325 | Orc:2    | Noticed an orc warlord
 23343 | Orc:2    | Killed an orc warlord
 23392 | Orc:2    | Received a gift from Trog
 23849 | Orc:2    | Found Deh Xosi's Antique Armour Emporium.
 23850 | Orc:2    | Found Beujygice's Antique Weapon Shoppe.
 23852 | Orc:2    | Found Ishit's General Store.
 23852 | Orc:2    | Found Ucydiser's Jewellery Emporium.
 23992 | Orc:2    | Bought a masterwork cloak for 380 gold pieces
 23992 | Orc:2    | Identified the +2 cloak of Sloth {rC- MR+ Int+3 Slay+6}
                  | (You bought it in a shop on level 2 of the Orcish Mines)
 24010 | Orc:2    | Bought an uncursed amulet of reflection for 540 gold pieces
 24374 | D:13     | Noticed an orc warlord
 24380 | D:13     | Found a transporter.
 24380 | D:13     | Noticed Pupel's ghost (journeyman MiFi)
 24394 | D:13     | Found a transporter.
 24493 | D:13     | Reached XP level 16. HP: 129/137 MP: 16/16
 24777 | D:13     | Found a gate to the Vaults.
 25411 | D:13     | Found a runed translucent door.
 25512 | D:13     | Identified the Reference Book on Dusty Contamination
 25696 | D:13     | Killed Pupel's ghost
 26931 | D:14     | Noticed Louise
 26947 | D:14     | Killed Louise
 27073 | D:15     | Entered Level 15 of the Dungeon
 27180 | D:15     | Found a shimmering altar of Xom.
 27215 | D:15     | Identified the cursed +0 ring mail "Nucy" {Str+4} (You
                  | found it on level 15 of the Dungeon)
 27277 | D:15     | Reached skill level 7 in Shields
 27305 | D:15     | Identified the ring of Xom's Fair Game {Ice MP+9 Int+5
                  | Slay-5}
 27318 | D:15     | Received a gift from Trog
 27705 | D:15     | Found a staircase to the Depths.
 28112 | Snake:1  | Entered Level 1 of the Snake Pit
 28145 | Snake:1  | Reached XP level 17. HP: 127/146 MP: 17/17
 28355 | Snake:1  | Reached skill level 8 in Shields
 28914 | Snake:2  | Found Teaqoul's Assorted Antiques.
 29446 | Snake:2  | Found the ring of the Mage {Wiz MR++ Int+3}
 29569 | Snake:2  | Noticed Vashnia
 29746 | Snake:2  | Killed Vashnia
 29746 | Snake:2  | Reached skill level 9 in Shields
 29958 | Snake:2  | Received a gift from Trog
 30841 | Snake:3  | Reached skill level 10 in Shields
 31037 | Snake:3  | Reached XP level 18. HP: 155/157 MP: 18/18
 31257 | Snake:4  | Entered Level 4 of the Snake Pit
 31293 | Snake:4  | Noticed Agnes
 31302 | Snake:4  | Killed Agnes
 31302 | Snake:4  | Received a gift from Trog
 31526 | Snake:4  | Reached skill level 11 in Shields
 31569 | Snake:2  | Bought a scroll of enchant weapon for 270 gold pieces
 31730 | Snake:4  | Noticed Asterion
 31760 | Snake:4  | Killed Asterion
 32419 | Snake:4  | Reached skill level 12 in Shields
 32813 | Snake:4  | Received a gift from Trog
 33383 | Snake:4  | Reached ****** piety under Trog
 33629 | Snake:4  | Reached skill level 13 in Shields
 33652 | Snake:4  | Reached XP level 19. HP: 154/168 MP: 19/19
 33892 | Snake:4  | Got a serpentine rune of Zot
 34061 | Snake:4  | Received a gift from Trog
 34519 | Swamp:1  | Entered Level 1 of the Swamp
 35336 | Swamp:1  | Reached skill level 14 in Shields
 36499 | Swamp:3  | Received a gift from Trog
 36713 | Swamp:4  | Entered Level 4 of the Swamp
 36949 | Swamp:4  | Reached skill level 15 in Shields
 37524 | Swamp:4  | Got a decaying rune of Zot
 37639 | Swamp:4  | Reached XP level 20. HP: 166/176 MP: 20/20
 38432 | Elf:1    | Entered Level 1 of the Elven Halls
 38441 | Elf:1    | Received a gift from Trog
 38710 | Elf:1    | Reached skill level 16 in Shields
 39279 | Elf:1    | Found a runed translucent gate.
 39280 | Elf:1    | Found a runed translucent gate.
 39281 | Elf:1    | Found a runed translucent gate.
 39291 | Elf:1    | Noticed Mebopp's ghost (adept HaCK)
 39318 | Elf:1    | Killed Mebopp's ghost
 40089 | Elf:2    | Reached skill level 17 in Shields
 40150 | Elf:2    | Received a gift from Trog
 40153 | Elf:2    | Identified the +1 demon blade of the Unkillable {vorpal,
                  | Int+4} (Trog gifted it to you on level 2 of the Elven
                  | Halls)
 40290 | Elf:2    | Found a huge runed translucent gate.
 40291 | Elf:2    | Found a huge runed translucent gate.
 40292 | Elf:2    | Found a huge runed translucent gate.
 40293 | Elf:2    | Found a huge runed translucent gate.
 40294 | Elf:2    | Found a huge runed translucent gate.
 41258 | Elf:3    | Entered Level 3 of the Elven Halls
 41413 | Elf:3    | Received a gift from Trog
 41414 | Elf:3    | Noticed Mara
 41513 | Elf:3    | Noticed PaperRat's illusion
 41525 | Elf:2    | Noticed PaperRat's illusion
 41529 | Elf:2    | Killed Mara
 41529 | Elf:2    | Reached skill level 18 in Shields
 42224 | Elf:3    | Reached skill level 10 in Throwing
 42224 | Elf:3    | Reached XP level 21. HP: 141/183 MP: 21/21
 42387 | Elf:3    | Received a gift from Trog
 42508 | Elf:3    | Identified the +8 battleaxe of Kedud {spect, *Noise rPois
                  | Dex-5 Stlth+}
 42508 | Elf:3    | Identified the +8 battleaxe of Kedud {spect, *Noise rPois
                  | Dex-5 Stlth+}
 43056 | Elf:3    | Identified the +2 helmet "Cahoisec" {Rampage rPois Regen+}
                  | (You found it on level 3 of the Elven Halls)
 43683 | Vaults:1 | Entered Level 1 of the Vaults
 43697 | Vaults:1 | Received a gift from Trog
 43705 | Vaults:1 | Reached skill level 19 in Shields
 44319 | Vaults:1 | Received a gift from Trog
 44385 | Vaults:1 | Noticed Saint Roka
 44413 | Vaults:1 | Killed Saint Roka
 44606 | Vaults:1 | You fall into a shaft and drop 1 floor!
 44641 | Vaults:2 | Reached XP level 22. HP: 154/190 MP: 22/22
 44728 | Vaults:2 | Found a magical portal.
 44738 | WizLab   | Entered The Roulette of Golubria
 44738 | WizLab   | Found a transporter.
 44741 | WizLab   | Found a corrupted altar of Lugonu.
 44803 | WizLab   | Found a transporter.
 44819 | WizLab   | Found a transporter.
 44858 | WizLab   | Found a transporter.
 44915 | WizLab   | Found a transporter.
 44942 | WizLab   | Found a transporter.
 44952 | WizLab   | Found a transporter.
 44988 | WizLab   | Found a transporter.
 45027 | WizLab   | Found a transporter.
 45034 | WizLab   | Found a transporter.
 45103 | WizLab   | Found a transporter.
 45129 | WizLab   | Found a transporter.
 45129 | WizLab   | Found a transporter.
 45171 | WizLab   | Found a transporter.
 45233 | WizLab   | Found a transporter.
 45273 | WizLab   | Found a transporter.
 45279 | WizLab   | Received a gift from Trog
 45441 | WizLab   | Found a transporter.
 45450 | WizLab   | Reached skill level 20 in Shields
 45479 | WizLab   | Got a faintly glowing cloak
 45483 | WizLab   | Identified the cursed +0 cloak of the Sky {Int+3} (You
                  | found it in a wizard's laboratory)
 45501 | WizLab   | Identified the +1 cloak "Wiwk" {+Blink Int-2 Slay+3} (You
                  | found it in a wizard's laboratory)
 45559 | WizLab   | Found a transporter.
 45637 | WizLab   | Found a transporter.
 45637 | WizLab   | Found a transporter.
 46540 | Vaults:1 | You fall into a shaft and drop 1 floor!
 47791 | Vaults:2 | Reached skill level 21 in Shields
 47843 | Vaults:2 | Found Lodig's Book Shop.
 47999 | Vaults:3 | Found a staircase to the Crypt.
 48196 | Vaults:3 | Received a gift from Trog
 48484 | Vaults:3 | Reached skill level 22 in Shields
 48566 | Vaults:3 | Noticed Bai Suzhen
 48600 | Vaults:3 | Killed Bai Suzhen
 48681 | Vaults:3 | Found Meydelea's Distillery.
 48844 | Vaults:3 | Reached XP level 23. HP: 186/196 MP: 23/23
 49386 | Vaults:4 | Received a gift from Trog
 49743 | Vaults:4 | Reached skill level 23 in Shields
 49925 | Vaults:4 | Found Foir's Weapon Shop.
 49926 | Vaults:4 | Noticed Boris
 49945 | Vaults:4 | Killed Boris
 49953 | Vaults:4 | Bought 2 throwing nets for 102 gold pieces
 50241 | Vaults:4 | Received a gift from Trog
 50327 | Vaults:4 | Identified the +4 ring mail of Gimerr {Dex+2} (You found it
                  | on level 4 of the Vaults)
 50690 | Vaults:5 | Entered Level 5 of the Vaults
 50693 | Vaults:5 | Noticed a golden dragon
 50794 | Vaults:5 | Reached skill level 24 in Shields
 50807 | Vaults:4 | Killed a golden dragon
 51466 | Vaults:5 | Identified the ring of the Ancients {*Tele *Slow rN++}
 51480 | Vaults:5 | Reached XP level 24. HP: 96/204 MP: 23/23
 51501 | Vaults:5 | Reached skill level 25 in Shields
 51932 | Vaults:5 | Received a gift from Trog
 52151 | Vaults:5 | Got a silver rune of Zot
 52431 | Vaults:5 | Got a polished ring mail
 52746 | Vaults:5 | Identified the amulet "Unois" {Reflect rPois Str-5 Dex+5
                  | SH+5 SInv}
 52832 | Vaults:5 | Got a glimmering rapier {god gift}
 52966 | Vaults:5 | Reached skill level 15 in Evocations
 53135 | Vaults:5 | Acquired a +2 pair of gloves of dexterity
 53502 | Vaults:3 | Bought a potion of mutation for 128 gold pieces
 53502 | Vaults:3 | Bought a potion of resistance for 160 gold pieces
 53502 | Vaults:3 | Bought a potion of haste for 160 gold pieces
 53502 | Vaults:3 | Bought a potion of heal wounds for 80 gold pieces
 53502 | Vaults:3 | Bought a potion of haste for 160 gold pieces
 53848 | Snake:2  | Bought a scroll of enchant armour for 270 gold pieces
 53848 | Snake:2  | Bought a scroll of magic mapping for 126 gold pieces
 54142 | Depths:1 | Entered Level 1 of the Depths
 54298 | Depths:1 | Received a gift from Trog
 54350 | Depths:1 | Found Cianas's Antique Armour Shoppe.
 54355 | Depths:1 | Found Woepneck's General Store.
 54356 | Depths:1 | Found Maestrut's Jewellery Shoppe.
 54361 | Depths:1 | Bought a wand of iceblast (4) for 104 gold pieces
 54367 | Depths:1 | Bought a runed tower shield for 187 gold pieces
 54393 | Depths:1 | Bought an uncursed ring of positive energy for 260 gold
                  | pieces
 54928 | Depths:1 | Reached XP level 25. HP: 183/213 MP: 23/23
 55049 | Depths:1 | Found a gateway to Hell.
 55139 | Depths:1 | Paralysed by a floating eye for 4 turns
 55146 | Depths:1 | Paralysed by a floating eye for 2 turns
 55163 | Depths:1 | Identified the ring "Okhluide" {*Drain rC+ MR+ Int+2
                  | Slay+3} (You found it on level 1 of the Depths)
 55769 | Depths:2 | Received a gift from Trog
 56533 | Depths:2 | Received a gift from Trog
 56800 | Depths:2 | Found a broken altar of Ashenzari.
 57303 | Depths:3 | Found a one-way gate leading to the halls of Pandemonium.
 57463 | Depths:3 | Reached skill level 26 in Shields
 57620 | Depths:3 | Received a gift from Trog
 57857 | Depths:3 | Noticed Boris
 57873 | Depths:3 | Killed Boris
 58335 | Depths:3 | Reached skill level 15 in Throwing
 58347 | Depths:3 | Reached XP level 26. HP: 214/224 MP: 23/23
 58394 | Depths:3 | Received a gift from Trog
 59598 | Depths:4 | Found a one-way gate to the infinite horrors of the Abyss.
 59902 | Depths:5 | Entered Level 5 of the Depths
 60092 | Depths:5 | Found a gateway to a ziggurat.
 60230 | Depths:5 | Received a gift from Trog
 60431 | Depths:5 | Reached skill level 27 in Shields
 61074 | Depths:5 | Found a runed translucent door.
 61074 | Depths:5 | Found a runed translucent door.
 61222 | Depths:5 | Reached XP level 27. HP: 217/233 MP: 23/23
 61243 | Depths:5 | Found a runed translucent door.
 61448 | Depths:5 | Found a runed translucent door.
 61450 | Depths:5 | Found a runed translucent door.
 61471 | Depths:5 | Found a runed translucent door.
 61488 | Depths:5 | Received a gift from Trog
 61535 | Depths:5 | Found a gate to the Realm of Zot.
 61845 | Zot:1    | Entered Level 1 of the Realm of Zot
 62052 | Depths:5 | Reached skill level 15 in Dodging
 62242 | Zot:1    | Noticed an orb of fire
 62264 | Zot:1    | Killed an orb of fire
 64122 | Zot:2    | Noticed an orb of fire
 64134 | Zot:2    | Gained mutation: Your magical capacity is low. (-10% MP)
                  | [an orb of fire]
 64138 | Zot:1    | Gained mutation: You are surrounded by a mild repulsion
                  | field. (EV +2) [an orb of fire]
 64149 | Zot:1    | Gained mutation: Your magical capacity is very low. (-20%
                  | MP) [an orb of fire]
 64150 | Zot:1    | Killed an orb of fire
 64283 | Zot:2    | Received a gift from Trog
 64769 | Zot:2    | You fall into a shaft and drop 1 floor!
 66532 | D:8      | Bought 2 potions of heal wounds for 150 gold pieces
 66532 | D:8      | Bought a potion of heal wounds for 75 gold pieces
 66532 | D:8      | Bought a potion of heal wounds for 75 gold pieces
 66532 | D:8      | Bought a potion of curing for 45 gold pieces
 66733 | Orc:2    | Bought 2 potions of haste for 280 gold pieces
 66733 | Orc:2    | Bought a scroll of identify for 28 gold pieces
 67008 | Depths:1 | Bought a potion of mutation for 104 gold pieces
 67008 | Depths:1 | Bought a potion of resistance for 130 gold pieces
 67684 | Zot:5    | Entered Level 5 of the Realm of Zot
 67711 | Zot:5    | Received a gift from Trog
 67812 | Zot:5    | Got a transparent spear {god gift}
 68394 | Zot:5    | Noticed an orb of fire
 68400 | Zot:5    | Noticed an orb of fire
 68402 | Zot:5    | Gained mutation: You have a somewhat thin skeletal
                  | structure. (Dex +2, Stealth) [an orb of fire]
 68403 | Zot:5    | Killed an orb of fire
 68405 | Zot:5    | Killed an orb of fire
 68414 | Zot:5    | Noticed an ancient lich
 68420 | Zot:5    | Killed an ancient lich
 68443 | Zot:5    | Noticed an orb of fire
 68458 | Zot:5    | Killed an orb of fire
 68518 | Zot:5    | Noticed an ancient lich
 68527 | Zot:5    | Noticed an orb of fire
 68538 | Zot:5    | Killed an ancient lich
 68538 | Zot:5    | Gained mutation: You occasionally shout uncontrollably at
                  | your foes. [an orb of fire]
 68545 | Zot:5    | Killed an orb of fire
 68567 | Zot:5    | Noticed an ancient lich
 68595 | Zot:5    | Killed an ancient lich
 69001 | Zot:5    | Received a gift from Trog
 69079 | Zot:5    | Noticed an ancient lich
 69080 | Zot:5    | Noticed an ancient lich
 69091 | Zot:5    | Killed an ancient lich
 69093 | Zot:5    | Killed an ancient lich
 69788 | Zot:5    | Got the Orb of Zot
 70416 | D:3      | Noticed Boris
 70474 | D:$      | Escaped with the Orb!

Illustrated notes

Levels and vault maps discovered:
D:1:      evilmike_arrival_fibonacci_small, layout_rooms,
          minmay_misc_feat_hallway, minmay_indecisive_spiral
D:2:      layout_basic, old_standard_altar
D:3:      minmay_spotlight, layout_basic, nicolae_overflow_crystal_walls,
          uniq_jessica
D:4:      layout_basic, kennysheep_mini_moat, st_stairs_11
D:5:      layout_loops_ring
D:6:      layout_cave_pods, minmay_temple_entry_mist, serial_bayou_ford_a,
          lemuel_statue_altar, uniq_eustachio, uniq_menkaure, uniq_duvessa,
          uniq_maggie, uniq_prince_ribbit1
D:7:      layout_basic, bloody_makhleb
D:8:      layout_basic, led_sif_pool, serial_shops, kennysheep_mini, uniq_erica,
          uniq_psyche
D:9:      layout_basic, grunt_temple_overflow_growth_and_decay,
          gammafunk_temple_overflow_elements
D:10:     layout_irregular_city, uniq_nergalle, uniq_fannar, uniq_harold
D:11:     layout_big_octagon, dpeg_oklobed_lair, basic_altar,
          minmay_misc_feat_secret_circle, roderic_serpentine_path, uniq_urug,
          uniq_erolcha
D:12:     gammafunk_cloud_chamber, layout_loops_ring, david_orc_4,
          minmay_misc_feat_more_columns, st_stairs_11, uniq_jorgrun
D:13:     layout_stronghold, david_vaults_4, gammafunk_ghost_arena, minivault_13
D:14:     layout_gridville, minmay_misc_feat_enclosed, uniq_louise
D:15:     grunt_enter_depths_snipers, layout_cave_pools, kb_xom_exploding_sheep
Temple:   minmay_temple_curvy_branch
Lair:1:   beast_lair_carwin_large_4, layout_cave_pods, minivault_19,
          chequers_serial_rivers_micro_b, fungi_pond_lemuel
Lair:2:   layout_regular_city, swamp_mist, grunt_megastairs_5
Lair:3:   layout_roguey, infiniplex_staircase_pool, lemuel_fruit_fields
Lair:4:   gammafunk_boulding_lane, layout_small_grid,
          guppyfry_snake_entry_island, beast_lair_carwin_10, lemuel_fruit_fields
Lair:5:   layout_long_grid, minmay_slime_entry_jelly_boxes,
          gammafunk_ghost_hydra_chop
Lair:6:   minmay_lair_end_frog_pond, layout_misc_corridors,
          portal_ice_cave_entry_imps
Swamp:1:  layout_falls_marsh, nicolae_swamp_dense_foliage
Swamp:2:  layout_basic_swamp, hangedman_swamp_ruin_hall
Swamp:3:  layout_basic_swamp, serial_swamp_ruin, evilmike_swamp_ruin_rubble_2,
          evilmike_swamp_ruin_house_3
Swamp:4:  swamp_alternative, layout_basic_swamp
Snake:1:  layout_misc_corridors
Snake:2:  cheibrodos_forgotten_conduit, layout_onion_interference, serial_shops,
          shop, special_room, uniq_vashnia
Snake:3:  layout_onion
Snake:4:  grunt_snake_rune_pools, layout_chambers, serial_bayou_shore_a,
          uniq_asterion, uniq_agnes
Orc:1:    layout_caves, basic_altar
Orc:2:    st_orc_congregation, layout_diamond_mine
Elf:1:    eino_elf_arrival_shootout, layout_loops_corners,
          ebering_ghost_rock_garden, minmay_elf_demonology
Elf:2:    layout_geoelf_grid
Elf:3:    minmay_elf_hall_curves, layout_rooms, serial_sigils_hangedman_shear,
          st_stairs_6, einodemon_barbed_minivault, uniq_mara
Vaults:1: v_misc_5, ontoclasm_vaults_ligature,
          vaults_standard_mumra_enter_the_diamond, v_misc_13,
          nicolae_vaults_little_squares_4, hangedman_vaults_trim,
          vaults_room_door_ring, grunt_vaults_focal, vaults_room_pools,
          layout_vaults_omnigrid, uniq_saint_roka
Vaults:2: vaults_dpeg_ring, nicolae_vaults_little_squares_4,
          ontoclasm_vaults_spin, v_misc_3, v_misc_24, hangedman_vaults_hat,
          nicolae_vaults_network_s, v_misc_8, v_misc_1,
          hangedman_vaults_stretched_pinwheel, v_misc_29, layout_vaults_omnibox,
          serial_shops, nicolae_shop_waterfront, mu_enter_wizlab_5
Vaults:3: hangedman_vaults_slither, v_misc_3, v_misc_4,
          minmay_crypt_entry_vampire_xt, v_misc_17,
          nicolae_vaults_mini_display_case, nicolae_vaults_little_squares_1,
          nicolae_vaults_border_crossing, hangedman_vaults_slice,
          layout_vaults_omnicross, serial_shops, nicolae_shop_trees,
          uniq_bai_suzhen
Vaults:4: hangedman_vaults_cutoff, ontoclasm_vaults_loading_screen,
          hangedman_vaults_maws, nicolae_vaults_triangles,
          vaults_room_semicircle, nicolae_vaults_hallways_thing,
          nicolae_vaults_diagonal_hallway_9, vaults_room_fours,
          grunt_vaults_hallway_long, v_pattern_2, hangedman_vaults_impose,
          layout_vaults_ring, serial_shops, nicolae_shop_crystal, uniq_boris
Vaults:5: serial_shops
Depths:1: layout_twisted_cross, pf_coc_iceberg, corexii_leaking_fountain,
          drop_trap, hangedman_eye_storm, serial_bayou_shore_b,
          serial_bayou_shore_b, serial_bayou_shore_b, minmay_shop_star
Depths:2: minmay_haunted_quarter, layout_small_grid, serial_sigils,
          serial_sigils_hangedman_writhe, serial_sigils_hangedman_confine,
          serial_sigils_hangedman_gnaw, serial_sigils_hangedman_gut,
          grunt_decor_resistance, grunt_hell_entry_dis_old,
          hangedman_decor_points, ashenzari_altar_1
Depths:3: lemuel_castle_with_subvaults [lemuel_castle_interior_carwin_1],
          layout_gridlike, hangedman_abyss_or_decor_stabs, hell_entry,
          rand_demon_pan_entry_1, infiniplex_staircase_zigzag_5, firewood_loft
Depths:4: minmay_the_grid_four_pointed_star_mashed
          [minmay_the_grid_triangle_9x9_descending_squares,
          minmay_the_grid_triangle_9x9_impossible_snake,
          minmay_the_grid_triangle_9x9_stretched_checkered,
          minmay_the_grid_triangle_9x9_corruption,
          minmay_the_grid_prize_inner_circle], layout_gridlike,
          rand_demon_pan_entry_3, abyss_entry, chequers_serial_rivers_room_a,
          hellmouth_1, infiniplex_staircase_spiral_double
Depths:5: evilmike_zot_entry_castle, layout_gridlike, enter_ziggurat_e,
          pf_hell_entry_great_geh, minmay_misc_feat_columns,
          hangedman_abyss_or_decor_clamps
Zot:1:    evilmike_crystal_ball_defense, layout_concentric_octagons,
          bh_zot_levy_curve
Zot:2:    layout_onion, st_stairs_4
Zot:3:    layout_onion_interference, skrybe_zot_glass_2
Zot:4:    layout_gridlike, grunt_megastairs_2, lemuel_elevator
Zot:5:    layout_misc_corridors, st_stairs_7, grunt_ministairs_13

Skill      XL: |  1  2  3  4  5  6  7  8  9 10 11 12 13 14 15 16 17 18 19 20 21 22 23 24 25 26 27 |
---------------+----------------------------------------------------------------------------------+-----
Stealth        | 1 2 |  2.0
Fighting       | 4 5 6 7 9 10 11 12 14 15 16 18 19 20 22 24 | 24.0
Long Blades    | 4 5 6 7 8 9 11 13 14 15 16 17 18 21 | 21.6
Armour         | 3 4 5 6 7 9 11 13 16 17 18 21 | 21.7
Evocations     | 2 4 6 7 8 9 10 12 13 14 15 16 19 | 19.7
Dodging        | 3 4 6 8 9 10 12 13 14 18 | 18.3
Throwing       | 3 4 5 7 8 10 12 13 15 16 17 | 17.7
Shields        | 2 4 6 7 10 13 15 18 19 22 24 25 26 27 | 27.0

Action                   |  1- 3 |  4- 6 |  7- 9 | 10-12 | 13-15 | 16-18 | 19-21 | 22-24 | 25-27 || total
-------------------------+-------+-------+-------+-------+-------+-------+-------+-------+-------++-------
Melee: Falchion          |   107 |   206 |   290 |    31 |       |       |       |       |       ||   634
       Unarmed           |       |       |     5 |       |       |       |       |       |       ||     5
       Scimitar          |       |       |       |   464 |  1025 |   881 |     6 |       |       ||  2376
       Double sword      |       |       |       |       |       |   325 |  1453 |  1512 |  1801 ||  5091
 Fire: Shortbow          |       |       |       |    12 |       |       |       |       |       ||    12
Throw: Stone             |    57 |    99 |    15 |       |       |       |       |       |       ||   171
       Boomerang         |       |       |    37 |    72 |    62 |    88 |    94 |    37 |   346 ||   736
       Dart              |       |       |     6 |     9 |    87 |    34 |       |       |       ||   136
       Javelin           |       |       |       |       |     8 |     5 |     4 |     2 |   181 ||   200
       Throwing net      |       |       |       |       |       |       |     1 |       |       ||     1
Invok: Berserk           |     2 |     4 |    12 |    13 |    11 |     3 |       |       |       ||    45
       Trog's Hand       |       |     1 |    11 |    10 |    16 |     8 |    18 |    20 |    29 ||   113
       Brothers in Arms  |       |       |       |       |     7 |     2 |     2 |     1 |       ||    12
 Abil: Hop               |       |       |     1 |     1 |     1 |     2 |     3 |     2 |     4 ||    14
Evoke: Wand              |       |       |    12 |     9 |     6 |    13 |    14 |     1 |    30 ||    85
       Phial of floods   |       |       |       |       |     2 |     2 |     1 |     1 |       ||     6
       Lightning rod     |       |       |       |       |     8 |    12 |       |     3 |       ||    23
       Phantom mirror    |       |       |       |       |       |     2 |       |       |       ||     2
       Condenser vane    |       |       |       |       |       |       |     3 |     4 |     6 ||    13
       Tin of tremorston |       |       |       |       |       |       |       |     2 |     8 ||    10
  Use: Scroll            |     5 |     5 |     6 |    14 |     8 |     4 |    14 |    17 |    15 ||    88
       Potion            |       |       |     1 |       |     1 |     1 |       |     6 |    17 ||    26
 Stab: Sleeping          |       |     2 |       |       |       |       |       |     1 |       ||     3
       Paralysed         |       |       |       |       |       |     4 |       |       |     4 ||     8
       Distracted        |       |       |       |       |       |       |     6 |    23 |    59 ||    88
       Held in net/web   |       |       |       |       |       |       |     3 |     1 |       ||     4
Armor: Ring mail         |    36 |    57 |       |       |       |       |       |       |       ||    93
       Animal skin       |     2 |       |       |       |       |       |       |       |       ||     2
       Plate armour      |       |    52 |   102 |   255 |   383 |   380 |   263 |    11 |       ||  1446
       Chain mail        |       |     2 |    50 |       |       |       |    35 |   117 |       ||   204
       Skin              |       |       |     4 |       |       |       |       |       |       ||     4
       Ice dragon scales |       |       |       |       |       |       |       |    63 |       ||    63
       Gold dragon scale |       |       |       |       |       |       |       |    51 |   442 ||   493
Dodge: Dodged            |    71 |   102 |    96 |   210 |   434 |   393 |   312 |   324 |   475 ||  2417
Block: Buckler           |       |       |       |     6 |   330 |   186 |       |       |       ||   522
       Reflection        |       |       |       |       |     1 |   119 |    79 |   105 |    72 ||   376
       Kite shield       |       |       |       |       |       |   726 |   417 |       |       ||  1143
       Tower shield      |       |       |       |       |       |       |   746 |  1511 |  1815 ||  4072
       Rpst.: Falchion   |    18 |    33 |    28 |     5 |       |       |       |       |       ||    84
       Scimitar          |       |       |       |    54 |   101 |    47 |     1 |       |       ||   203
       Double sword      |       |       |       |       |       |    18 |    68 |    41 |    42 ||   169

Table legend: (Time is in decaauts)
 A = Elapsed time spent in this place.
 B = Non-inter-level travel time spent in this place.
 C = Inter-level travel time spent in this place.
 D = Time resting spent in this place.
 E = Time spent auto-exploring this place.
 F = Levels seen in this place.
 G = Mean time per level.
                   A        B        C        D        E       F      G
               +--------+--------+--------+--------+--------+-----+--------+
         Total |  71179 |  63558 |   7621 |  11598 |  27649 |  52 | 1368.8 |
       Dungeon |  21528 |  18253 |   3275 |   3495 |   5888 |  15 | 1435.2 |
        Temple |      1 |      1 |      0 |      0 |      0 |   1 |    1.0 |
          Lair |   9140 |   7853 |   1287 |   1738 |   3707 |   6 | 1523.3 |
         Swamp |   3310 |   3223 |     87 |    798 |   1650 |   4 |  827.5 |
     Snake Pit |   6189 |   5939 |    250 |   1499 |   2593 |   4 | 1547.2 |
  Orcish Mines |   2297 |   1658 |    639 |    203 |    753 |   2 | 1148.5 |
   Elven Halls |   4959 |   4542 |    417 |    766 |   2006 |   3 | 1653.0 |
        Vaults |   7982 |   7316 |    666 |    629 |   3937 |   5 | 1596.4 |
        Depths |   7843 |   7110 |    733 |    530 |   4471 |   5 | 1568.6 |
           Zot |   6323 |   6058 |    265 |   1655 |   2183 |   5 | 1264.6 |
      Ice Cave |    665 |    665 |      0 |    243 |      0 |   1 |  665.0 |
        Wizlab |    937 |    937 |      0 |     39 |    461 |   1 |  937.0 |
               +--------+--------+--------+--------+--------+-----+--------+

Top non-repeatable levels by time:
 Snake:4: 2679 daAuts
Depths:5: 2175 daAuts
    D:11: 2038 daAuts
   Zot:1: 2023 daAuts
   Elf:3: 2015 daAuts
  Lair:1: 1998 daAuts
Vaults:5: 1922 daAuts
     D:6: 1875 daAuts
    D:13: 1863 daAuts
Vaults:4: 1827 daAuts
    D:12: 1774 daAuts
   Zot:5: 1714 daAuts
   Orc:2: 1667 daAuts
     D:8: 1634 daAuts
   Elf:2: 1633 daAuts
